 Dungeon Crawl Stone Soup version 0.22-a0-369-gc73351f (webtiles) character file.

329 nikopol the Firebug (level 6, -3/48 HPs)
             Began as a Deep Elf Fire Elementalist on Apr 24, 2018.
             Was an Initiate of Vehumet.
             Slain by a gnoll
             ... wielding a +0 halberd
              (4 damage)
             ... on level 4 of the Dungeon.
             The game lasted 00:13:13 (2780 turns).

nikopol the Firebug (Deep Elf Fire Elementalist)    Turns: 2780, Time: 00:13:13

Health: -3/48      AC: 23    Str:  5    XL:     6   Next: 25%
Magic:  0/15       EV:  2    Int: 22    God:    Vehumet [......]
Gold:   176        SH:  0    Dex: 15    Spells: 0/15 levels left

rFire    . . .     SeeInvis .   t - +1 dagger (venom)
rCold    . . .     Gourm    .   (no shield)
rNeg     + + +     Faith    .   (armour currently unavailable)
rPois    +         Spirit   .   (helmet currently unavailable)
rElec    .         Reflect  .   (cloak currently unavailable)
rCorr    .         Harm     .   (gloves currently unavailable)
MR       .....     NoTele   +   (boots currently unavailable)
Stlth    ++........             (no amulet)
HPRegen  0.16/turn              (no ring)
MPRegen  0.14/turn              (no ring)

@: tree-form
A: no striking features
a: Renounce Religion


You were on level 4 of the Dungeon.
You worshipped Vehumet.
Vehumet was noncommittal.
You were not hungry.
You were a tree.
You visited 2 branches of the dungeon, and saw 5 of its levels.

You collected 176 gold pieces.

Inventory:

Hand Weapons
 t - a +1 dagger of venom (weapon)
Armour
 a - a +0 robe (melded)
 f - a +2 pair of gloves (melded)
 q - a +0 cloak (melded)
Magical Staves
 i - an uncursed staff of summoning
Scrolls
 e - a scroll of amnesia
 g - 3 scrolls of remove curse
 p - a scroll of identify
Potions
 k - a potion of brilliance {unknown}
 l - a potion of mutation {unknown}
 n - a potion of heal wounds {unknown}
 r - a potion of curing {unknown}
Comestibles
 c - 8 rations


   Skills:
 + Level 3.0 Dodging
 + Level 3.4 Stealth
 + Level 5.1 Spellcasting
 + Level 2.9 Conjurations
 + Level 5.6 Fire Magic


You couldn't memorise any spells.
You knew the following spells:

 Your Spells              Type           Power        Failure   Level  Hunger
a - Flame Tongue          Conj/Fire      ###..        1%          1    None
b - Throw Flame           Conj/Fire      ###...       2%          2    None
c - Conjure Flame         Conj/Fire      ###.....     5%          3    ##.....
d - Sticky Flame          Conj/Fire      ###.....     17%         4    ####...
e - Fireball              Conj/Fire      ###.......   43%         5    #####..


Dungeon Overview and Level Annotations

Branches:
Dungeon (4/15)             Temple (1/1) D:4

Altars:
Ashenzari
Dithmenos
Fedhas
Gozag
Kikubaaqudgha
Makhleb
Okawaru
Qazlal
Ru
Uskayaw
Vehumet
Xom
Zin
The Shining One

Annotations:
D:4 Feta's ghost, amateur DEFE


Message History

The gnoll hits you but does no damage. The gnoll hits you but does no damage.
The gnoll hits you but does no damage. The gnoll hits you but does no damage.
The gnoll hits you but does no damage.
The gnoll is no longer unusually agile.
The gnoll hits you but does no damage.
Casting: Flame Tongue (safe; 1% risk of failure)
Confirm with . or Enter, or press ? or * to list all spells.
Aiming: Flame Tongue (safe; 1% risk of failure)
Press: ? - help, Shift-Dir - straight line, f/p - gnoll
Aim: a gnoll, wielding a halberd (heavily wounded)
The flame tongue hits the gnoll.
The gnoll is almost dead.
You hear the drain falling apart.
The gnoll hits you but does no damage. The gnoll hits you but does no damage.
The gnoll hits you from afar with a halberd!
* * * LOW HITPOINT WARNING * * *
The gnoll hits you from afar with a halberd.
You die...

.
....#######
....'g?♣..#
....#####.#
. .# .. ..a
.... .....
######


You could see a gnoll.

Vanquished Creatures
  Crazy Yiuf (D:3)
  3 orc wizards (D:4)
  Jessica (D:3)
  A worker ant (D:4)
  3 gnolls (D:4)
  5 adders
  An ooze (D:3)
  4 worms
  2 dart slugs
  3 leopard geckos
  6 orcs
  10 bats
  A giant cockroach (D:2)
  3 goblins
  7 hobgoblins
  7 jackals
  5 kobolds
  2 quokkas
  3 frilled lizards
  7 rats
75 creatures vanquished.

Notes
Turn   | Place    | Note
-------+----------+-------------------------------------------
     0 | D:1      | nikopol the Deep Elf Fire Elementalist began the quest for the Orb.
     0 | D:1      | Reached XP level 1. HP: 10/10 MP: 6/6
   100 | D:1      | Reached XP level 2. HP: 15/15 MP: 5/8
   416 | D:1      | Learned a level 2 spell: Throw Flame
   610 | D:2      | Reached XP level 3. HP: 19/19 MP: 4/9
   618 | D:2      | Learned a level 3 spell: Conjure Flame
   905 | D:2      | Reached XP level 4. HP: 24/24 MP: 9/11
  1196 | D:3      | Noticed Jessica
  1198 | D:3      | Killed Jessica
  1337 | D:3      | Found a glowing golden altar of the Shining One.
  1615 | D:3      | Reached XP level 5. HP: 28/28 MP: 11/13
  1621 | D:3      | Learned a level 4 spell: Sticky Flame
  1709 | D:3      | Found a runed door.
  1860 | D:3      | Noticed Crazy Yiuf
  1866 | D:3      | Killed Crazy Yiuf
  1866 | D:3      | Reached skill level 5 in Fire Magic
  2037 | D:4      | Noticed Feta's ghost (amateur DEFE)
  2469 | D:4      | Reached XP level 6. HP: 27/32 MP: 6/14
  2477 | D:4      | Reached skill level 5 in Spellcasting
  2488 | D:4      | Learned a level 5 spell: Fireball
  2523 | D:4      | Found a staircase to the Ecumenical Temple.
  2531 | Temple   | Entered the Ecumenical Temple
  2650 | Temple   | Became a worshipper of Vehumet
  2779 | D:4      | HP: 1/48 [gnoll/halberd (9)]
  2780 | D:4      | Slain by a gnoll

Vault maps used:
D:1:      tarquinn_simple_flora_water_c
D:3:      tso_metal_star, uniq_jessica, uniq_crazy_yiuf_cottage
D:4:      lemuel_coloured_pillars_altar, minmay_temple_entry_statues_fountains,
          first_ration, portal_sewer_entry_b, hangedman_decor_growths
Temple:   regret_index_temple_generic_petals

Skill      XL: |  1  2  3  4  5  6 |
---------------+-------------------+-----
Fire Magic     | 4 5 |  5.6
Stealth        | 3 |  3.4
Dodging        | 3 |  3.0
Spellcasting   | 4 5 |  5.1
Conjurations   | 2 |  2.9

Action                   |  1- 3 |  4- 6 || total
-------------------------+-------+-------++-------
Melee: Dagger            |     2 |    20 ||    22
 Cast: Flame Tongue      |    64 |   102 ||   166
       Throw Flame       |       |    10 ||    10
       Conjure Flame     |       |     2 ||     2
       Sticky Flame      |       |     1 ||     1
  Use: Scroll            |       |     8 ||     8
       Potion            |       |     1 ||     1
  Eat: Chunk             |       |     6 ||     6
Armor: Robe              |     8 |     5 ||    13
       Skin              |       |    24 ||    24
Dodge: Dodged            |    20 |    24 ||    44

Table legend:
 A = Spawn XP
 B = Non-spawn XP
 C = Spawn XP percentage of total XP
 D = Spawn monster count
 E = Non-spawn monster count
 F = Spawn count percentage of total count
 G = Total turns spent on level
                    A         B        C        D         E        F      G
               +---------+---------+-------+---------+---------+-------+---------
         Total |       0 |     470 |   0.0 |       0 |      75 |   0.0 |  2780
               +---------+---------+-------+---------+---------+-------+---------
           D:1 |       0 |      37 |   0.0 |       0 |      23 |   0.0 |   684
           D:2 |       0 |      79 |   0.0 |       0 |      18 |   0.0 |   512
           D:3 |       0 |     130 |   0.0 |       0 |      17 |   0.0 |   831
           D:4 |       0 |     224 |   0.0 |       0 |      17 |   0.0 |   606
               +---------+---------+-------+---------+---------+-------+---------
